 Dungeon Crawl Stone Soup version 0.25-a0-44-g29a1220 (webtiles) character file.

Game seed: 6385241201757720255, levelgen mode: deterministic

111 TheGoonsmith the Firebug (level 4, -1/24 HPs)
             Began as a Gargoyle Fire Elementalist on Oct 23, 2019.
             Killed from afar by an orc wizard (6 damage)
             ... with a puff of flame
             ... on level 3 of the Dungeon.
             The game lasted 00:04:20 (2177 turns).

TheGoonsmith the Firebug (GrFE)                     Turns: 2177, Time: 00:04:20

Health: -1/24      AC:  8    Str: 11    XL:     4   Next: 92%
Magic:  3/8        EV: 12    Int: 17    God:
Gold:   95         SH:  0    Dex: 10    Spells: 1/9 levels left

rFire    . . .     SeeInvis .   e - +0 dagger
rCold    . . .     Gourm    .   (no shield)
rNeg     + . .     Faith    .   f - +2 robe {Archmagi}
rPois    ∞         Spirit   .   (no helmet)
rElec    +         Reflect  .   d - +0 cloak
rCorr    .         Harm     .   (no gloves)
MR       .....                  (no boots)
Stlth    ++........             (no amulet)
HPRegen  0.08/turn              (no ring)
MPRegen  0.11/turn              (no ring)

@: hasted, very quick
A: negative energy resistance 1, electricity resistance, unbreathing,
petrification resistance, rot immunity, AC +3
a: no special abilities


You were on level 3 of the Dungeon.
You were hungry.

You visited 1 branch of the dungeon, and saw 3 of its levels.

You collected 95 gold pieces.

Inventory:

Hand Weapons
 e - a +0 dagger (weapon)
Armour
 d - a +0 cloak (worn)
 f - a +2 robe of the Archmagi (worn)
Wands
 k - a wand of random effects (16)
Scrolls
 b - 2 scrolls of magic mapping {unknown}
 g - 6 scrolls of identify {unknown}
 j - 2 scrolls of remove curse {unknown}
 l - a scroll of blinking
Comestibles
 a - a chunk of flesh
 c - 6 rations


   Skills:
 - Level 1.5 Dodging
 - Level 2.1 Stealth
 + Level 3.0 Spellcasting
 + Level 3.0 Conjurations
 - Level 4.0 Fire Magic


You had one spell level left.
You knew the following spells:

 Your Spells              Type           Power        Failure   Level  Hunger
a - Flame Tongue          Conj/Fire      ###..        4%          1    None
c - Conjure Flame         Conj/Fire      ###.....     12%         3    ###....
s - Sticky Flame          Conj/Fire      ###.....     38%         4    ####...

Your spell library contained the following spells:

 Spells                   Type           Power        Failure   Level  Hunger
 Throw Flame              Conj/Fire      ###...       6%          2    ##.....
 Inner Flame              Hex/Fire       ##......     22%         3    ###....
 Fireball                 Conj/Fire      ###.......   75%         5    ######.


Dungeon Overview and Level Annotations

Branches:
Dungeon (3/15)

Altars:

Annotations:
D:1 Terence


Innate Abilities, Weirdness & Mutations

You are resistant to torment.
Your stone body is resilient. (AC +3)
You are immune to poison.
You resist negative energy. (rN+)
You are resistant to electric shocks. (rElec)
You can survive without breathing.
You are immune to petrification.
You are immune to rotting.


Message History

The orc wizard points at you and mumbles some strange words.
The magic dart hits you.
* * * LOW HITPOINT WARNING * * *
The orc wizard gestures wildly while chanting.
The orc wizard flickers and vanishes!
Deactivating autopickup; reactivate with Ctrl-A.
It was a potion of curing.
You feel better.
You feel yourself speed up.
The orc wizard mumbles some strange words.
The orc wizard blinks!
The leopard gecko bites you. The goblin completely misses you.
The orc hits you from afar with a +0 trident.
* * * LOW HITPOINT WARNING * * *
Something hits you but does no damage.
Okay, then.
The orc wizard casts a spell.
The orc wizard blinks!
A puff of flame appears from out of thin air!
The puff of flame hits you.
You die...

..## ......#.### #### ...##
###.......# #..#
....###.......o#g### ###..#
.....#..#.....o#...# #....#
...............g...###....#
.......##.......###.......#
............o...l##.......#
...............#.##########
^..............#@.#####
...............##.....##
................#####..##
....................##..#
.........##..###..#.###.#####
<........##..# #.#.........#
.........#...# #..#........#
............# ###..##.......#
....###.###.###...###.......#


You could see 2 orcs, a leopard gecko and a goblin.

Vanquished Creatures
  Crazy Yiuf (D:2)
  An adder (D:2)
  An ooze (D:1)
  2 worms (D:2)
  5 dart slugs
  5 leopard geckos
  An orc (D:3)
  A ball python (D:1)
  3 giant cockroaches (D:2)
  7 goblins
  3 hobgoblins
  6 kobolds
  A quokka (D:2)
  3 bats
  5 frilled lizards
  4 rats
49 creatures vanquished.

Notes
Turn   | Place    | Note
-------+----------+-------------------------------------------
     0 | D:1      | TheGoonsmith the Gargoyle Fire Elementalist began the quest
                  | for the Orb.
     0 | D:1      | Reached XP level 1. HP: 10/10 MP: 3/3
   365 | D:1      | Reached XP level 2. HP: 15/15 MP: 3/5
   662 | D:1      | Reached XP level 3. HP: 17/19 MP: 1/6
  1046 | D:2      | Noticed Terence
  1236 | D:2      | Found a faded altar of an unknown god.
  1478 | D:2      | Reached XP level 4. HP: 24/24 MP: 5/8
  1948 | D:2      | Found a runed translucent door.
  1949 | D:2      | Noticed Crazy Yiuf
  1989 | D:2      | Learned a level 4 spell: Sticky Flame
  1993 | D:2      | Learned a level 3 spell: Conjure Flame
  1998 | D:2      | Killed Crazy Yiuf
  2162 | D:3      | Reached skill level 4 in Fire Magic
  2177 | D:3      | Killed from afar by an orc wizard

Levels and vault maps discovered:
D:1:      ncdulo_wetmaze, layout_basic, serial_forest,
          infiniplex_forest_lined_2, infiniplex_forest_end_3,
          infiniplex_forest_straight_2, infiniplex_forest_straight_2,
          infiniplex_forest_clump_diagonal, infiniplex_forest_lined_3,
          minmay_split_cup_small
D:2:      layout_loops_ring, chequers_ecumenical_altar_lobes,
          kennysheep_generic_room_10, uniq_terence, uniq_crazy_yiuf_cottage
D:3:      layout_rooms, gammafunk_ghost_icy, makhleb_altar_promises_db

Skill      XL: |  1  2  3  4 |
---------------+-------------+-----
Conjurations   | 2 3 |  3.0
Spellcasting   | 3 |  3.0
Fire Magic     | 4 |  4.0
Dodging        | |  1.5
Stealth        | |  2.1

Action                   |  1- 3 |  4- 6 || total
-------------------------+-------+-------++-------
Melee: Unarmed           |    10 |       ||    10
       Dagger            |     3 |     2 ||     5
 Cast: Flame Tongue      |    56 |    38 ||    94
  Use: Scroll            |     1 |       ||     1
       Potion            |       |     2 ||     2
  Eat: Chunk             |     2 |     2 ||     4
Armor: Robe              |    12 |    12 ||    24
Dodge: Dodged            |    19 |    34 ||    53

Table legend:
 A = Non-vault XP
 B = Vault XP
 C = Vault XP percentage of total XP
 D = Non-vault monster count
 E = Vault monster count
 F = Vault count percentage of total count
                 A         B        C        D         E       F
            +---------+---------+-------+---------+---------+-------
      Total |     107 |      52 |  32.7 |      44 |       5 |  10.2
            +---------+---------+-------+---------+---------+-------
        D:1 |      36 |      12 |  25.0 |      18 |       3 |  14.3
        D:2 |      65 |      40 |  38.1 |      23 |       2 |   8.0
        D:3 |       6 |       0 |   0.0 |       3 |       0 |   0.0
            +---------+---------+-------+---------+---------+-------
